 Dungeon Crawl Stone Soup version 0.28.0 (webtiles) character file.

Game seed: 16424109611382230084

91 Jerry the Skirmisher (level 4, 0/48 HPs)
             Began as an Octopode Fighter on Feb 9, 2022.
             Slain by a water moccasin (4 damage)
             ... on level 3 of the Dungeon.
             The game lasted 00:03:35 (2012 turns).

Jerry the Skirmisher (Octopode Fighter)             Turns: 2012, Time: 00:03:36

Health: 0/48       AC: 22    Str: 15    XL:     4   Next: 59%
Magic:  4/4        EV:  2    Int: 10    God:
Gold:   30         SH:  5    Dex: 13    Spells: 3/3 levels left

rFire   . . .      SeeInvis .     - Unarmed
rCold   . . .      Faith    .   a - +0 buckler
rNeg    . . .      Spirit   .   (helmet currently unavailable)
rPois   +          Reflect  .   (no amulet)
rElec   .          Harm     .   (no ring)
rCorr   .          Rampage  .   (no ring)
Will    .....      NoTele   +   (no ring)
Stlth   +.........              (no ring)
HPRegen 0.16/turn               (no ring)
MPRegen 0.09/turn               (no ring)
                                (no ring)
                                (no ring)

@: mighty, lethally poisoned (0 -> -2), tree-form
A: stationary, stasis, torment immunity, boosted hp, almost no armour,
(amphibious), 8 rings, (camouflage 1), (gelatinous body 1), (nimble swimmer 1),
(tentacles)
a: no special abilities


You were on level 3 of the Dungeon.
You were a tree.
You visited 1 branch of the dungeon, and saw 3 of its levels.

You collected 30 gold pieces.

Inventory:

Armour
 a - a +0 buckler (worn)
Wands
 j - a wand of acid (9)
 n - a wand of flame (20)
Scrolls
 c - a scroll of silence {unknown}
 d - 5 scrolls of identify {unknown}
 e - a scroll of immolation {unknown}
 h - 2 scrolls of noise {unknown}
 k - a scroll of vulnerability {unknown}
 o - a scroll of blinking {unknown}
Potions
 i - a potion of invisibility {unknown}
 l - a potion of curing {unknown}
 m - a potion of flight {unknown}
 p - a potion of mutation {unknown}


   Skills:
 + Level 3.6 Fighting
 + Level 3.6 Dodging
 + Level 3.6 Shields
 + Level 2.8 Unarmed Combat


You had 3 spell levels left.
You didn't know any spells.
Your spell library was empty.

Dungeon Overview and Level Annotations

Branches:
Dungeon (3/15)

Altars:


Innate Abilities, Weirdness & Mutations

You are a tree.
Your roots penetrate the ground, keeping you stationary.
You cannot be teleported.
You are immune to unholy pain and torment.
Your maximum health is greatly increased.
You cannot wear most types of armour.
((You are amphibious.))
You can wear up to eight rings at the same time.
((Your skin changes colour to match your surroundings (Stealth+).))
((Your rubbery body absorbs attacks. (AC +1, EV +1)))
((You are camouflaged when in or above water. (Stealth+)))
((You have tentacles for arms and can constrict up to eight enemies at once.))


Message History

Found 16 stones.
You see here 16 stones.
p - a lumpy puce potion A water moccasin comes into view.
Found a stone staircase leading down.
A water moccasin is nearby!
A water moccasin is nearby!
The water moccasin hisses angrily.
A kobold comes into view. It is wielding a +0 club.
The water moccasin bites you!
You are poisoned.
The water moccasin poisons you! The water moccasin barely misses you.
You barely miss the water moccasin. You grab the water moccasin.
You constrict the water moccasin.
You feel very sick.
The water moccasin completely misses you.
The kobold barely misses you.
You tentacle-slap the water moccasin.
The water moccasin is lightly wounded.
You constrict the water moccasin.
You feel sick. The water moccasin bites you.
The kobold hits you with a +0 club.
You are too injured to fight recklessly!
You are too injured to fight recklessly!
You are too injured to fight recklessly!
You release your grip on the water moccasin.
* * * LOW HITPOINT WARNING * * *
You feel very sick. You block the water moccasin's attack.
* * * LOW HITPOINT WARNING * * *
You feel sick.
You feel very mighty all of a sudden.
* * * LOW HITPOINT WARNING * * *
You feel sick. The water moccasin barely misses you.
The water moccasin misses you.
It was a potion of magic.
Magic courses through your body.
* * * LOW HITPOINT WARNING * * *
You feel sick. You block the water moccasin's attack.
It was a potion of lignification.
You turn into a tree.
Your roots penetrate the ground.
You feel sick. The water moccasin bites you.
You die...

# #.# #.#
#.# #.#
#.# #.#
#.# #.#
#.# #.#
#.#
#.####
#....#
####♣#
#S# #K#
........#
######..#
#..# .>.#
##.## #.


You could see a water moccasin and a kobold.

Vanquished Creatures
  An orc priest (D:3)
  An adder (D:2)
  2 worms (D:2)
  3 orcs (D:3)
  A ball python (D:1)
  7 endoplasms
  4 goblins
  2 hobgoblins (D:1)
  4 jackals (D:1)
  2 quokkas (D:1)
  4 bats
  2 frilled lizards (D:1)
  4 kobolds (D:1)
  2 rats (D:1)
39 creatures vanquished.

Notes
Turn   | Place    | Note
-------+----------+-------------------------------------------
     0 | D:1      | Jerry the Octopode Fighter began the quest for the Orb.
     0 | D:1      | Reached XP level 1. HP: 16/16 MP: 1/1
   208 | D:1      | Found a faded altar of an unknown god.
   226 | D:1      | Reached XP level 2. HP: 18/21 MP: 2/2
   539 | D:1      | Reached XP level 3. HP: 14/26 MP: 3/3
  1945 | D:3      | Reached XP level 4. HP: 31/31 MP: 4/4
  2002 | D:3      | Noticed a water moccasin
  2012 | D:3      | Slain by a water moccasin

Illustrated notes

Levels and vault maps discovered:
D:1:      noname_arrival_rooms_in_the_neighbourhood, layout_rooms,
          hellmonk_ecumenical_altar_pennies_from_heaven
D:2:      layout_basic, minivault_23
D:3:      layout_loops_ring, mainiacjoe_overflow_tiny_flanked,
          kennysheep_orc_chapel

Action                   |  1- 3 |  4- 6 || total
-------------------------+-------+-------++-------
Melee: Unarmed           |    81 |     7 ||    88
       Constrict         |    18 |     3 ||    21
       Tentacles         |    12 |     3 ||    15
       Punch             |     2 |       ||     2
  Use: Potion            |       |     3 ||     3
 Stab: Sleeping          |     3 |       ||     3
Armor: Skin              |     6 |       ||     6
Dodge: Dodged            |    35 |     7 ||    42
Block: Buckler           |    15 |     3 ||    18
